 Dungeon Crawl Stone Soup version 0.27-a0-1555-g0e7b3fb1d2 (webtiles) character file.

Game seed: 8466862327104363201

14 bande the Skirmisher (level 2, -2/19 HPs)
             Began as a Gargoyle Fighter on July 14, 2021.
             Slain by a gnoll (5 damage)
             ... on level 2 of the Dungeon.
             The game lasted 00:01:37 (982 turns).

bande the Skirmisher (Gargoyle Fighter)              Turns: 982, Time: 00:01:38

Health: -2/19      AC:  9    Str: 19    XL:     2   Next: 45%
Magic:  2/2        EV:  7    Int:  8    God:
Gold:   49         SH:  9    Dex:  9    Spells: 1/1 levels left

rFire    . . .     SeeInvis .   a - +1 war axe
rCold    . . .     Faith    .   c - +0 kite shield
rNeg     + . .     Spirit   .   b - +0 scale mail
rPois    ∞         Reflect  .   (no helmet)
rElec    +         Harm     .   (no cloak)
rCorr    .         Rampage  .   (no gloves)
Will     .....                  (no boots)
Stlth    ..........             (no amulet)
HPRegen  0.06/turn              (no ring)
MPRegen  0.08/turn              (no ring)

@: no status effects
A: sickness immunity, AC +2, negative energy resistance 1, electricity
resistance, torment resistance 1, petrification resistance
a: no special abilities


You were on level 2 of the Dungeon.
You visited 1 branch of the dungeon, and saw 2 of its levels.

You collected 49 gold pieces.

Inventory:

Hand Weapons
 a - a +1 war axe (weapon)
Armour
 b - a +0 scale mail (worn)
 c - a +0 kite shield (worn)
Scrolls
 e - 2 scrolls of amnesia
 h - a scroll of identify
Potions
 d - 2 potions of might
 f - a potion of ambrosia


   Skills:
 + Level 3.5 Fighting
 + Level 2.0 Axes
 + Level 3.5 Armour
 + Level 3.4 Shields


You had one spell level left.
You didn't know any spells.
Your spell library was empty.

Dungeon Overview and Level Annotations

Branches:
Dungeon (2/15)

Altars:


Innate Abilities, Weirdness & Mutations

You are immune to sickness and miasma.
Your stone body is resilient. (AC +2)
You are immune to poison.
You resist negative energy. (rN+)
You are resistant to electric shocks. (rElec)
You are resistant to unholy torment.
You are immune to petrification.


Message History

No target in view!
No target in view!
No target in view!
No target in view!
No target in view!
No target in view!
No target in view!
You see here a hobgoblin corpse.
Found 19 stones.
There is an open door here.
You open the door.
A hobgoblin comes into view.
The hobgoblin shouts!
You hear a shout! x2; You hear an angry hiss. x2
A hobgoblin is nearby!
A gnoll comes into view. It is wielding a +0 whip. x2
You block the hobgoblin's attack.
There is an open door here.
The gnoll shouts!
You slash the hobgoblin!
You kill the hobgoblin!
A gnoll comes into view. It is wielding a +0 spear.
A gnoll comes into view. It is wielding a +2 flail of draining.
An adder comes into view.
The gnoll hits you but does no damage.
The adder moves out of view.
You hit the gnoll.
The gnoll is moderately wounded.
You barely miss the gnoll. You block the gnoll's attack.
The gnoll barely misses you. The gnoll closely misses you.
You barely miss the gnoll.
The gnoll is moderately wounded.
You hit the gnoll. The gnoll hits you but does no damage.
A frilled lizard comes into view.
The gnoll hits you with a +0 whip.
The gnoll hits you from afar with a +0 spear.
The gnoll hits you with a +2 flail of draining!
* * * LOW HITPOINT WARNING * * *
The gnoll closely misses you. The gnoll hits you with a +0 whip.
* * * LOW HITPOINT WARNING * * *
The gnoll hits you with a +2 flail of draining.
You die... # #.##. ## ##### #. .... .. ##...## #.##....l #.....#####.......#. #..#..<.....# ..... # #.....####### gS.

.##. ##...##
#.##g##..... ##.##
#..g.g...# #.#
####@##### #.# ##'##
###.## ##...##
.....### ##.....##
.##..#.## ##.......##
.##.....####.........#
...........'.........+
..#.....####.........#
.......## ##.......##


You could see 4 gnolls and an adder.

Vanquished Creatures
  A worm (D:2)
  3 endoplasms
  A goblin (D:1)
  2 hobgoblins (D:2)
  A frilled lizard (D:1)
  3 rats (D:1)
11 creatures vanquished.

Notes
Turn   | Place    | Note
-------+----------+-------------------------------------------
     0 | D:1      | bande the Gargoyle Fighter began the quest for the Orb.
     0 | D:1      | Reached XP level 1. HP: 14/14 MP: 1/1
   783 | D:2      | Reached XP level 2. HP: 13/19 MP: 2/2
   982 | D:2      | Slain by a gnoll

Illustrated notes

Levels and vault maps discovered:
D:1:      wander_arrival_desolate, layout_basic, minmay_misc_feat_hallway
D:2:      layout_loops_corners, minmay_pentomino_u2

Skill      XL: |  1  2 |
---------------+-------+-----
Axes           | 2 |  2.0
Fighting       | |  3.5
Armour         | |  3.5
Shields        | |  3.4

Action                   || total
-------------------------++-------
Melee: War axe           ||    25
  Use: Scroll            ||     6
       Potion            ||     1
Armor: Scale mail        ||     5
Dodge: Dodged            ||    11
Block: Kite shield       ||    10

Table legend: (Time is in decaauts)
 A = Elapsed time spent in this place.
 B = Non-inter-level travel time spent in this place.
 C = Inter-level travel time spent in this place.
 D = Time resting spent in this place.
 E = Time spent auto-exploring this place.
 F = Levels seen in this place.
 G = Mean time per level.
                   A        B        C        D        E       F      G
               +--------+--------+--------+--------+--------+-----+--------+
         Total |    998 |    998 |      0 |      0 |    857 |   2 |  499.0 |
       Dungeon |    998 |    998 |      0 |      0 |    857 |   2 |  499.0 |
               +--------+--------+--------+--------+--------+-----+--------+

Top non-repeatable levels by time:
     D:1: 768 daAuts
     D:2: 229 daAuts
